 Dungeon Crawl Stone Soup version 0.27.0-1-g7a089689b8 (webtiles) character file.

Game seed: 17098973130095354464

87 ZenoRockbell the Skirmisher (level 4, -1/35 HPs)
             Began as a Demonspawn Fighter on Aug 6, 2021.
             Slain by Sigmund (6 damage)
             ... on level 3 of the Dungeon.
             The game lasted 00:09:26 (1868 turns).

ZenoRockbell the Skirmisher (Demonspawn Fighter)    Turns: 1868, Time: 00:09:27

Health: -1/35      AC:  9    Str: 17    XL:     4   Next: 28%
Magic:  4/4        EV:  7    Int: 16    God:
Gold:   66         SH:  9    Dex: 12    Spells: 3/3 levels left

rFire    + . .     SeeInvis .   a - +0 long sword
rCold    x . .     Faith    .   c - +0 kite shield
rNeg     . . .     Spirit   .   b - +0 scale mail
rPois    .         Reflect  .   (helmet restricted)
rElec    .         Harm     .   (no cloak)
rCorr    .         Rampage  .   (no gloves)
Will     .....                  (no boots)
Stlth    ..........             (no amulet)
HPRegen  0.11/turn              f - ring of fire
MPRegen  0.09/turn              d - +6 ring of intelligence

@: no status effects
A: antennae 1, yellow scales 2
a: no special abilities


You were on level 3 of the Dungeon.
You visited 1 branch of the dungeon, and saw 3 of its levels.

You collected 66 gold pieces.

Inventory:

Hand Weapons
 a - a +0 long sword (weapon)
Armour
 b - a +0 scale mail (worn)
 c - a +0 kite shield (worn)
Jewellery
 d - a +6 ring of intelligence (right hand)
 e - a ring of wizardry
 f - a ring of fire (left hand)
Wands
 g - a wand of flame (6)


   Skills:
 * Level 3.5 Fighting
 * Level 2.7 Long Blades
 * Level 3.2 Armour
 + Level 0.1 Dodging
 * Level 3.2 Shields


You had 3 spell levels left.
You didn't know any spells.
Your spell library was empty.

Dungeon Overview and Level Annotations

Branches:
Dungeon (3/15)

Altars:

Annotations:
D:3 Sigmund


Innate Abilities, Weirdness & Mutations

You have a pair of small antennae on your head.
You are mostly covered in yellow scales. (AC +3)


Message History

The puff of flame hits you but does no damage.
You hit Sigmund.
Sigmund is moderately wounded.
Sigmund gestures at you while chanting.
You are confused.
You barely miss Sigmund.
Sigmund is moderately wounded.
Sigmund hits you with a +0 scythe!
Sigmund points at you and mumbles some strange words.
The puff of flame hits you but does no damage.
You bump into the rock wall.
Sigmund hits you with a +0 scythe.
You bump into the rock wall.
Sigmund barely misses you.
You bump into the rock wall.
Sigmund hits you with a +0 scythe.
You bump into the rock wall.
You feel less confused. Sigmund hits you with a +0 scythe!
* * * LOW HITPOINT WARNING * * *
Unknown command.
As you read the scroll of teleportation, it crumbles to dust.
You feel strangely unstable. Sigmund hits you with a +0 scythe.
* * * LOW HITPOINT WARNING * * *
Sigmund gestures at you while chanting. You block the puff of flame.
Sigmund mumbles some strange words.
Sigmund flickers and vanishes!
Deactivating autopickup; reactivate with Ctrl-A.
Your surroundings suddenly seem different.
Sigmund shouts!
Sigmund gestures wildly while chanting.
Sigmund flickers and vanishes!
A magic dart appears from out of thin air!
The magic dart hits you.
A magic dart appears from out of thin air!
The magic dart hits you. Something hits you.
Something hits you but does no damage. Something hits you!
* * * LOW HITPOINT WARNING * * *
Something hits you.
You die...

#.#######.# .# #{#.......#
.# #.#.......# #######.# #.#
#.........# #.....#.# #..
###......†# #.....#.# #.#
#.....†.###.....#.#######.##
#
#####.#>...................
#.#.###{.......# #.#
#.#.###..@.....######.####
#.#.........)..'..........
#.#####........######.####
#.# #........# #.# ..#
#[####...## ..# #.# #....##
.### ..####.##..##. ###
#....#....# ##..##...#...##


There were no monsters in sight!

Vanquished Creatures
  Jessica (D:2)
  A worm (D:2)
  An orc (D:2)
  4 bats
  5 endoplasms
  5 giant cockroaches
  3 goblins
  6 jackals
  5 kobolds
  5 quokkas
  7 ball pythons
  4 frilled lizards
  7 rats
54 creatures vanquished.

Vanquished Creatures (others)
  A plant (D:1)
1 creature vanquished.

Grand Total: 55 creatures vanquished

Notes
Turn   | Place    | Note
-------+----------+-------------------------------------------
     0 | D:1      | ZenoRockbell the Demonspawn Fighter began the quest for the
                  | Orb.
     0 | D:1      | Reached XP level 1. HP: 18/18 MP: 1/1
   364 | D:1      | Gained mutation: You are partially covered in yellow
                  | scales. (AC +2) [demonic ancestry]
   364 | D:1      | Reached XP level 2. HP: 24/24 MP: 2/2
   679 | D:1      | You fall into a shaft and drop 1 floor!
   753 | D:2      | Gained mutation: You are mostly covered in yellow scales.
                  | (AC +3) [demonic ancestry]
   753 | D:2      | Reached XP level 3. HP: 10/29 MP: 3/3
  1054 | D:2      | Noticed Jessica
  1080 | D:2      | Killed Jessica
  1081 | D:2      | Gained mutation: You have a pair of small antennae on your
                  | head. [demonic ancestry]
  1081 | D:2      | Reached XP level 4. HP: 20/35 MP: 4/4
  1738 | D:3      | Noticed Sigmund
  1868 | D:3      | Slain by Sigmund

Illustrated notes

Levels and vault maps discovered:
D:1:      lightli_arrival_lavapool, layout_basic, serial_rivers,
          chequers_serial_rivers_room_b, chequers_serial_rivers_room_a,
          chequers_serial_rivers_micro_a, chequers_serial_rivers_room_a,
          chequers_serial_rivers_micro_e, chequers_serial_rivers_small_b,
          corexii_corridor_pit, chequers_big_river
D:2:      minmay_spotlight, layout_loops_ring, kennysheep_donut, uniq_jessica
D:3:      layout_basic, lemuel_blue_sif_altar,
          yredelemnul_forgotten_temple_becter,
          hellmonk_ecumenical_altar_dog_temple, minmay_puff, uniq_sigmund

Skill      XL: |  1  2  3 |
---------------+----------+-----
Long Blades    | 2 |  2.7
Armour         | 3 |  3.2
Shields        | 3 |  3.2
Fighting       | |  3.5
Dodging        | |  0.1

Action                   |  1- 3 |  4- 6 || total
-------------------------+-------+-------++-------
Melee: Long sword        |    99 |    67 ||   166
  Use: Potion            |     3 |     2 ||     5
       Scroll            |     1 |     4 ||     5
Armor: Scale mail        |    91 |    33 ||   124
Dodge: Dodged            |    35 |    32 ||    67
Block: Kite shield       |    85 |    44 ||   129
       Rpst.: Long sword |     6 |     7 ||    13
